 Dungeon Crawl Stone Soup version 0.27-a0-972-gd1521fd518 (webtiles) character file.

Game seed: 5198314795338468394

30 polve the Skirmisher (level 3, 0/29 HPs)
             Began as a Demonspawn Abyssal Knight on Apr 13, 2021.
             Was a Follower of Lugonu.
             Succumbed to an adder's poison
             ... on level 2 of the Dungeon.
             The game lasted 00:00:53 (1226 turns).

polve the Skirmisher (Demonspawn Abyssal Knight)    Turns: 1226, Time: 00:00:54

Health: 0/29       AC:  3    Str: 13    XL:     3   Next: 3%
Magic:  4/4        EV: 11    Int: 13    God:    Lugonu [*.....]
Gold:   19         SH:  0    Dex: 12    Spells: 2/2 levels left

rFire    . . .     SeeInvis .   a - +1 short sword
rCold    . . .     Faith    .   (no shield)
rNeg     . . .     Spirit   .   b - +0 leather armour
rPois    .         Reflect  .   (no helmet)
rElec    .         Harm     .   (no cloak)
rCorr    .         Rampage  .   (no gloves)
Will     .....                  (no boots)
Stlth    +.........             (no amulet)
HPRegen  0.09/turn              (no ring)
MPRegen  0.09/turn              (no ring)

@: lethally poisoned (0 -> -4)
A: claws 1
a: Renounce Religion, Depart the Abyss


You were on level 2 of the Dungeon.
You worshipped Lugonu.
Lugonu was aware of your devotion.
You visited 1 branch of the dungeon, and saw 2 of its levels.
You visited the Abyss 1 time.

You collected 19 gold pieces.

Inventory:

Hand Weapons
 a - a +1 short sword (weapon)
Armour
 b - a +0 leather armour (worn)
Scrolls
 c - a scroll of amnesia {unknown}


   Skills:
 - Level 3.0 Fighting
 - Level 2.5 Short Blades
 - Level 1.7 Armour
 - Level 0.8 Dodging
 + Level 1.6 Unarmed Combat
 - Level 2.4 Invocations


You had 2 spell levels left.
You didn't know any spells.
Your spell library was empty.

Dungeon Overview and Level Annotations

Branches:
Dungeon (2/15)

Altars:


Innate Abilities, Weirdness & Mutations

You have sharp fingernails.


Message History

There is an open door here.
You feel sick.
You barely miss the adder.
You feel sick. The adder barely misses you. The adder closely misses you.
You barely miss the adder.
You feel sick.
You are no longer poisoned.
The adder bites you but does no damage.
You closely miss the adder. The adder barely misses you.
You closely miss the adder. The adder bites you.
You are poisoned.
The adder poisons you! The adder bites you.
You are lethally poisoned!
The adder poisons you!
You hit the adder.
The adder is heavily wounded.
* * * LOW HITPOINT WARNING * * *
You feel very sick. The adder closely misses you.
You hit the adder.
The adder is almost dead.
* * * LOW HITPOINT WARNING * * *
You feel sick. The adder barely misses you.
You aren't carrying any potions.
You aren't carrying any potions.
You hit the adder.
You kill the adder!
Lugonu accepts your kill.
* * * LOW HITPOINT WARNING * * *
You feel sick.
You have reached level 3!
Your experience leads to an increase in your attributes!
Increase (S)trength, (I)ntelligence, or (D)exterity?
You feel stronger.
A worm comes into view.
* * * LOW HITPOINT WARNING * * *
You feel sick.
* * * LOW HITPOINT WARNING * * *
You feel sick.
You see here a rat corpse.
You die...

######.## #.......#
# #.####..# ..
###.####.......###..
#......<............
#.#.####.##.....##
#.###....#
#.####...#
#..@†g...#
######g#.w...
##'###### #...#
#.....# #.......#
#.........#
+.........'.
#.........###


You could see a worm, a hobgoblin and a goblin.

Vanquished Creatures
  An adder (D:2)
  3 ball pythons (D:1)
  A giant cockroach (D:1)
  2 goblins (D:1)
  5 hobgoblins (D:1)
  2 kobolds (D:1)
  A quokka (D:1)
  A frilled lizard (D:2)
  4 rats
20 creatures vanquished.

Notes
Turn   | Place    | Note
-------+----------+-------------------------------------------
     0 | Abyss:1  | polve the Demonspawn Abyssal Knight began the quest for the
                  | Orb.
     0 | Abyss:1  | Reached XP level 1. HP: 18/18 MP: 2/2
    90 | Abyss:1  | Noticed a large abomination
   101 | D:1      | Escaped the Abyss
   473 | D:1      | Gained mutation: You have sharp fingernails. [demonic
                  | ancestry]
   473 | D:1      | Reached XP level 2. HP: 24/24 MP: 3/3
   515 | D:1      | Reached * piety under Lugonu
   592 | D:1      | Found a faded altar of an unknown god.
   866 | D:1      | Reached skill level 1 in Unarmed Combat
  1224 | D:2      | Reached XP level 3. HP: 2/29 MP: 4/4
  1225 | D:2      | HP: 1/29 [poisoned by an adder]
  1226 | D:2      | Succumbed to an adder's poison

Illustrated notes

Levels and vault maps discovered:
D:1:      tarquinn_simple_flora_water_a, layout_loops_ring,
          shapermc_ecumenical_altar_mp_urbaneastern
D:2:      minmay_door_path, layout_loops_corners, basic_altar

Skill      XL: |  1  2 |
---------------+-------+-----
Short Blades   | 2 |  2.5
Unarmed Combat | 1 |  1.6
Fighting       | |  3.0
Armour         | |  1.7
Dodging        | |  0.8
Invocations    | |  2.4

Action                   || total
-------------------------++-------
Melee: Short sword       ||    55
Invok: Depart the Abyss  ||     1
Armor: Leather armour    ||     5
Dodge: Dodged            ||    43

Table legend: (Time is in decaauts)
 A = Elapsed time spent in this place.
 B = Non-inter-level travel time spent in this place.
 C = Inter-level travel time spent in this place.
 D = Time resting spent in this place.
 E = Time spent auto-exploring this place.
 F = Levels seen in this place.
 G = Mean time per level.
                   A        B        C        D        E       F      G
               +--------+--------+--------+--------+--------+-----+--------+
         Total |   1224 |   1203 |     21 |      0 |   1052 |   3 |  408.0 |
       Dungeon |   1123 |   1102 |     21 |      0 |    962 |   2 |  561.5 |
         Abyss |    101 |    101 |      0 |      0 |     90 |   1 |  101.0 |
               +--------+--------+--------+--------+--------+-----+--------+

Top non-repeatable levels by time:
     D:1: 1026 daAuts
 Abyss:1: 101 daAuts
     D:2: 96 daAuts
